AoeStats
← el.peligroso

Baltic

510350536Analyzed
2v2 RM · 1d ago on Sep 30, 2026· 55m 21s· 4 players
Game mode
Random Map
Map size
Medium (4 player)
Population
200
Speed
Normal
Resources
Standard
Victory
Conquest
Starting age
Dark Age
Ending age
Imperial Age
RankedLock teamsTeams togetherTeam positionsShared explorationLock speedFull tech treeHidden civsTurbo modeCheats
Victory
Defeat
🇹🇷 Mongols · Türkiye
940
+14
🇨🇱 Magyars · Chile
932
+14
🇪🇸 Ethiopians · Spain
886
-14
🇪🇸 Aztecs · Spain
885
-14
la.peligrosa
1:10 Loom
13:44 Feudal Age
19:41 Castle Age
18:30 Double-Bit Axe
18:32 Horse Collar
27:27 Wheelbarrow
26:31 Elite Skirmisher
32:17 Imperial Age
30:48 Bow Saw
30:32 Fletching
30:42 Padded Archer Armor
31:30 Arson
31:45 Squires
32:48 Ballistics
32:24 Murder Holes
34:44 Chemistry
35:16 Two-Man Saw
34:23 Bodkin Arrow
38:54 Halberdier
40:59 Scale Mail Armor
41:09 Forging
41:15 Leather Archer Armor
41:01 Bracer
42:06 Hand Cart
42:11 Thumb Ring
42:25 Bracer
42:22 Halberdier
49:15 Ring Archer Armor
49:00 Chain Mail Armor
49:21 Iron Casting
el.peligroso
0:49 Loom
13:10 Feudal Age
20:01 Castle Age
18:03 Double-Bit Axe
18:37 Horse Collar
18:49 Gold Mining
18:53 Stone Mining
19:17 Fletching
20:09 Elite Skirmisher
20:20 Pikeman
21:02 Squires
22:07 Scale Mail Armor
23:26 Bow Saw
23:48 Crossbowman
28:12 Wheelbarrow
28:09 Forging
27:56 Bodkin Arrow
28:32 Town Watch
32:33 Ballistics
35:13 Imperial Age
37:25 Hand Cart
47:10 Heavy Plow
47:14 Town Patrol
48:17 Bracer
48:18 Padded Archer Armor
50:30 Leather Archer Armor
50:51 Iron Casting
52:23 Chemistry
56:28 Blast Furnace
55:43 Chain Mail Armor
BenjaB1
0:27 Loom
10:17 Feudal Age
20:57 Castle Age
18:52 Fletching
19:14 Horse Collar
19:41 Double-Bit Axe
21:31 Wheelbarrow
21:10 Gold Mining
22:48 Gold Shaft Mining
23:30 Scale Barding Armor
26:37 Padded Archer Armor
26:35 Bodkin Arrow
28:48 Leather Archer Armor
29:54 Ballistics
33:18 Imperial Age
Bombacı Mülayim
7:57 Loom
10:21 Feudal Age
11:00 Double-Bit Axe
11:06 Horse Collar
20:04 Castle Age
19:32 Forging
19:15 Fletching
19:25 Padded Archer Armor
19:28 Town Watch
21:19 Stone Mining
21:50 Gold Mining
22:17 Bodkin Arrow
23:12 Bow Saw
23:09 Heavy Plow
28:40 Light Cavalry
29:31 Bloodlines
30:24 Wheelbarrow
30:09 Leather Archer Armor
30:00 Scale Barding Armor
30:07 Forging
30:40 Husbandry
34:29 Imperial Age
32:23 Ballistics
32:42 Thumb Ring
33:51 Chain Barding Armor
34:23 Masonry
35:10 Iron Casting
37:01 Conscription
38:35 Hand Cart
39:08 Hussar
40:19 Parthian Tactics
41:29 Bracer
42:55 Chemistry
42:03 Siege Engineers
43:41 Blast Furnace
45:14 Elite Mangudai
48:12 Murder Holes
50:32 Capped Ram
52:27 Drill
51:29 Onager
52:31 Siege Ram
Connection lost

Rejoining the realm…

Still unreachable

The connection could not be restored.

Session expired

The server has moved on; the page needs a fresh start.